 Dungeon Crawl Stone Soup version 0.29-a0-397-g846e4a0bbc (webtiles) character file.

Game seed: 10263485301092141606

982 Bruhh the Ogre Mage (level 8, -10/67 HPs)
             Began as an Ogre Earth Elementalist on May 11, 2022.
             Was an Initiate of Vehumet.
             Mangled by a two-headed ogre
             ... wielding a +0 giant spiked club
              (25 damage)
             ... on level 6 of the Dungeon.
             The game lasted 00:09:24 (7200 turns).

Bruhh the Ogre Mage (Ogre Earth Elementalist)       Turns: 7200, Time: 00:09:24

Health: -10/67     AC:  3    Str: 13    XL:     8   Next: 17%
Magic:  5/17       EV:  9    Int: 18    God:    Vehumet [......]
Gold:   381        SH:  0    Dex:  9    Spells: 16/20 levels left

rFire   . . .      SeeInvis .   x - +5 flail (protect)
rCold   . . .      Faith    .   (no shield)
rNeg    . . .      Spirit   .   b - +0 robe
rPois   .          Reflect  .   (helmet restricted)
rElec   .          Harm     .   (no cloak)
rCorr   .          Rampage  .   (gloves unavailable)
Will    .....                   (boots unavailable)
Stlth   +.........              (no amulet)
HPRegen 0.21/turn               (no ring)
MPRegen 0.15/turn               (no ring)

@: no status effects
A: large, unfitting armour, tough skin 1
a: Renounce Religion


You were on level 6 of the Dungeon.
You worshipped Vehumet.
Vehumet was noncommittal.
You visited 2 branches of the dungeon, and saw 7 of its levels.

You collected 381 gold pieces.

Inventory:

Hand Weapons
 m - a +0 spear
 p - a +1 long sword of electrocution
 x - a +5 flail of protection (weapon)
Missiles
 a - 105 stones
Armour
 b - a +0 robe (worn)
Jewellery
 l - a +4 ring of protection
 v - a +4 ring of protection
Scrolls
 c - a scroll of amnesia
 d - 3 scrolls of teleportation
 f - a scroll of poison
 g - 9 scrolls of identify {unknown}
 k - 2 scrolls of noise {unknown}
 n - 2 scrolls of enchant weapon {unknown}
 o - a scroll of enchant armour {unknown}
 r - a scroll of summoning {unknown}
Potions
 e - a potion of heal wounds
 h - a potion of degeneration {unknown}
 i - a potion of flight {unknown}
 j - a potion of invisibility {unknown}
 q - a potion of cancellation {unknown}
 s - a potion of brilliance {unknown}
 t - a potion of curing {unknown}
 u - a potion of might {unknown}
 w - a potion of lignification {unknown}


   Skills:
 - Level 1.7 Dodging
 - Level 1.4 Stealth
 + Level 6.5 Spellcasting
 - Level 5.0 Conjurations
 - Level 0.8 Transmutations
 - Level 5.0 Earth Magic


You had 16 spell levels left.
You knew the following spells:

 Your Spells              Type           Power      Damage    Failure   Level
a - Sandblast             Erth           46%        2d11      1%          1
b - Stone Arrow           Conj/Erth      46%        3d9       4%          3

Your spell library contained the following spells:

 Spells                   Type           Power      Damage    Failure   Level
 Passwall                 Tmut/Erth      13%        N/A       5%          2
 Sting                    Tmut/Pois      28%        1d4       10%         1
 Blink                    Tloc           10%        N/A       17%         2
 Poisonous Vapours        Pois/Air       10%        N/A       17%         2
 Lesser Beckoning         Tloc           5%         N/A       34%         3
 Petrify                  Tmut/Erth      16%        N/A       34%         4
 Olgreb's Toxic Radiance  Pois           5%         N/A       75%         4
 Manifold Assault         Tloc           5%         N/A       97%         5


Dungeon Overview and Level Annotations

Branches:
Dungeon (6/15)             Temple (1/1) D:5

Altars:
Ashenzari
Elyvilon
Fedhas
Hepliaklqana
Kikubaaqudgha
Makhleb
Okawaru
Qazlal
Ru
Sif Muna
Trog
Vehumet
Yredelemnul
Zin
The Shining One


Innate Abilities, Weirdness & Mutations

You are too large for most types of armour.
You have tough skin. (AC +1)


Message History

A two-headed ogre is nearby!
A two-headed ogre is nearby!
A two-headed ogre is nearby!
Casting: Stone Arrow (dangerous; 4% risk of failure)
Confirm with . or Enter, or press ? or * to list all spells.
Aiming: Stone Arrow (dangerous; 4% risk of failure)
Press: ? - help, Shift-Dir - straight line, f - two-headed ogre
Aim: a two-headed ogre, wielding two +0 giant spiked clubs (asleep, 100% to hit)
The stone arrow hits the two-headed ogre.
The two-headed ogre is lightly wounded.
The two-headed ogre shouts in stereo!
Unknown command.
Casting: Stone Arrow (dangerous; 4% risk of failure)
Confirm with . or Enter, or press ? or * to list all spells.
Aiming: Stone Arrow (dangerous; 4% risk of failure)
Press: ? - help, Shift-Dir - straight line, f/p - two-headed ogre
Aim: a two-headed ogre, wielding two +0 giant spiked clubs (lightly wounded, 86% to hit)
The stone arrow hits the two-headed ogre!
The two-headed ogre is moderately wounded.
Unknown command.
Casting: Stone Arrow (dangerous; 4% risk of failure)
Confirm with . or Enter, or press ? or * to list all spells.
Aiming: Stone Arrow (dangerous; 4% risk of failure)
Press: ? - help, Shift-Dir - straight line, f/p - two-headed ogre
Aim: a two-headed ogre, wielding two +0 giant spiked clubs (moderately wounded, 86% to hit)
The stone arrow hits the two-headed ogre!
The two-headed ogre is heavily wounded.
The two-headed ogre closely misses you.
The two-headed ogre hits you with a +0 giant spiked club!!
Casting: Stone Arrow (dangerous; 4% risk of failure)
Confirm with . or Enter, or press ? or * to list all spells.
Aiming: Stone Arrow (dangerous; 4% risk of failure)
Press: ? - help, Shift-Dir - straight line, f/p - two-headed ogre
Aim: a two-headed ogre, wielding two +0 giant spiked clubs (moderately wounded, 86% to hit)
The stone arrow hits the two-headed ogre!
The two-headed ogre is heavily wounded.
The two-headed ogre hits you with a +0 giant spiked club!!
* * * LOW HITPOINT WARNING * * *
The two-headed ogre hits you with a +0 giant spiked club!!
You die...

...#.##.##
..........
.$.......# #######
.........#
#..<#.#####
.........#
#.#.###......
.#.......#
#.#.###.#####
.........#
#.#.....# #....O@.#
#.########
......#.##
#.#......# .####
#.# #.##.###.# #.#
#.##.#.#.#
#.####.##.#.#.####
##.#....##.#.......
#.....#.##.#.#.####
#.....####.#.#.#
#.....# #...#[#


You could see a two-headed ogre.

Vanquished Creatures
  Edmund (D:5)
  2 water moccasins (D:5)
  An ice beast (D:5)
  A necrophage (D:6)
  A scorpion (D:5)
  A hound (D:5)
  2 orc priests (D:6)
  Ijyb (D:4)
  3 iguanas
  5 orc wizards
  4 adders
  2 worms
  10 orcs
  4 ball pythons
  5 endoplasms
  A giant cockroach (D:1)
  3 goblins
  15 hobgoblins
  4 jackals (D:3)
  9 quokkas
  6 bats
  7 frilled lizards
  3 kobolds
  2 rats
93 creatures vanquished.

Vanquished Creatures (others)
  An orc (D:3)
  3 plants (D:5)
4 creatures vanquished.

Grand Total: 97 creatures vanquished

Notes
Turn   | Place    | Note
-------+----------+-------------------------------------------
     0 | D:1      | Bruhh the Ogre Earth Elementalist began the quest for the
                  | Orb.
     0 | D:1      | Reached XP level 1. HP: 16/16 MP: 3/3
   228 | D:1      | Reached skill level 3 in Spellcasting
   228 | D:1      | Reached XP level 2. HP: 24/24 MP: 3/6
   538 | D:1      | Found a faded altar of an unknown god.
  1055 | D:2      | Reached XP level 3. HP: 31/31 MP: 5/7
  1225 | D:2      | Learned a level 3 spell: Stone Arrow
  1897 | D:2      | Reached skill level 4 in Spellcasting
  2129 | D:3      | Reached XP level 4. HP: 31/39 MP: 1/10
  2747 | D:3      | Found a glowing golden altar of the Shining One.
  2814 | D:3      | Found a basalt altar of Yredelemnul.
  2825 | D:3      | Noticed a profane servitor
  2915 | D:3      | Noticed an angel
  3087 | D:4      | Noticed Ijyb
  3579 | D:4      | Killed Ijyb
  3580 | D:4      | Reached skill level 5 in Spellcasting
  3580 | D:4      | Reached XP level 5. HP: 9/45 MP: 2/12
  4264 | D:4      | Reached skill level 1 in Conjurations
  4636 | D:5      | Entered Level 5 of the Dungeon
  4703 | D:5      | Noticed an ice beast
  4707 | D:5      | Reached XP level 6. HP: 53/53 MP: 9/13
  4707 | D:5      | Noticed a water moccasin
  4718 | D:5      | Killed a water moccasin
  4735 | D:5      | HP: 2/53 [ice beast (13)]
  5129 | D:5      | Killed an ice beast
  5130 | D:5      | Reached XP level 7. HP: 59/59 MP: 7/14
  5278 | D:5      | Found a staircase to the Ecumenical Temple.
  5310 | D:5      | Reached skill level 5 in Earth Magic
  5340 | Temple   | Entered the Ecumenical Temple
  5530 | Temple   | Became a worshipper of Vehumet
  6122 | D:5      | Found a broken altar of Ashenzari.
  6126 | D:5      | Saw a vision of the Swamp and the Spider Nest.
  6126 | D:5      | Noticed a wolf spider
  6126 | D:5      | Noticed a redback
  6126 | D:5      | Noticed a redback
  6126 | D:5      | Noticed a vampire mosquito
  6126 | D:5      | Noticed a vampire mosquito
  6126 | D:5      | Noticed a vampire mosquito
  6126 | D:5      | Noticed a will-o-the-wisp
  6127 | D:5      | Noticed a vampire mosquito
  6129 | D:5      | Noticed a goliath frog
  6472 | D:6      | Reached skill level 5 in Conjurations
  6642 | D:6      | Reached XP level 8. HP: 67/67 MP: 1/16
  6704 | D:6      | Noticed Edmund
  6971 | D:5      | Killed Edmund
  6972 | D:5      | Reached skill level 6 in Spellcasting
  7196 | D:6      | Noticed a two-headed ogre
  7200 | D:6      | Mangled by a two-headed ogre

Illustrated notes

Levels and vault maps discovered:
D:1:      psy_arrival_statuary, layout_loops_ring,
          nicolae_ecumenical_lake_church, minmay_surrounded
D:2:      layout_basic
D:3:      layout_rooms, grunt_temple_overflow_holy_war
D:4:      layout_loops_cross, uniq_ijyb
D:5:      layout_cave_pods, grunt_ashenzari_visionary
          [grunt_ashenzari_visionary_swamp, grunt_ashenzari_visionary_spider],
          minmay_temple_entry_overgrown
D:6:      layout_basic, guppyfry_shop_venom, uniq_edmund
Temple:   cyrus_circular_temple

Skill      XL: |  1  2  3  4  5  6  7  8 |
---------------+-------------------------+-----
Spellcasting   | 3 4 5 6 |  6.5
Earth Magic    | 3 4 5 |  5.0
Conjurations   | 1 3 5 |  5.0
Dodging        | |  1.7
Stealth        | |  1.4
Transmutations | |  0.8

Action                   |  1- 3 |  4- 6 |  7- 9 || total
-------------------------+-------+-------+-------++-------
Melee: Unarmed           |     2 |       |       ||     2
       Spear             |    18 |     2 |       ||    20
       Long sword        |       |    18 |    14 ||    32
 Cast: Sandblast         |    58 |    66 |    31 ||   155
       Stone Arrow       |       |     8 |    22 ||    30
  Use: Potion            |       |     5 |       ||     5
       Scroll            |       |       |     3 ||     3
 Stab: Sleeping          |     1 |     1 |       ||     2
Armor: Robe              |    10 |    11 |    12 ||    33
Dodge: Dodged            |    16 |    34 |    15 ||    65

Table legend: (Time is in decaauts)
 A = Elapsed time spent in this place.
 B = Non-inter-level travel time spent in this place.
 C = Inter-level travel time spent in this place.
 D = Time resting spent in this place.
 E = Time spent auto-exploring this place.
 F = Levels seen in this place.
 G = Mean time per level.
                   A        B        C        D        E       F      G
               +--------+--------+--------+--------+--------+-----+--------+
         Total |   7183 |   6891 |    292 |    788 |   5294 |   7 | 1026.1 |
       Dungeon |   6980 |   6688 |    292 |    788 |   5122 |   6 | 1163.3 |
        Temple |    203 |    203 |      0 |      0 |    172 |   1 |  203.0 |
               +--------+--------+--------+--------+--------+-----+--------+

Top non-repeatable levels by time:
     D:3: 1553 daAuts
     D:4: 1474 daAuts
     D:5: 1457 daAuts
     D:1: 1037 daAuts
     D:2: 922 daAuts
     D:6: 534 daAuts
  Temple: 203 daAuts
